 Dungeon Crawl Stone Soup version 0.30-a0-883-g5ad918d77d (webtiles) character file.

Game seed: 1346380103177459805

12653 Axe the Carver (level 11, -7/104 HPs)
             Began as a Naga Fighter on Mar 16, 2023.
             Was a Priest of Qazlal.
             Mangled by a death yak (12 damage)
             ... on level 1 of the Lair of Beasts.
             The game lasted 00:20:12 (10743 turns).

Axe the Carver (Naga Fighter)                      Turns: 10743, Time: 00:20:12

Health: -7/104     AC: 21    Str: 22    XL:     11   Next: 96%
Magic:  11/11      EV:  5    Int: 10    God:    Qazlal [***...]
Gold:   693        SH:  0    Dex: 10    Spells: 10/10 levels left

rFire   . . .      SeeInvis +    u - +7 Throatcutter {drain, coup de grace}
rCold   . . .      Faith    .    c - +0 buckler
rNeg    . . .      Spirit   .    i - +1 plate armour
rPois   +          Reflect  .    D - +2 helmet {SInv}
rElec   .          Rampage  .    x - +2 cloak
rCorr   .                        r - +0 pair of gloves
Will    +....                    (no barding) Stlth
                                 (no amulet)
HPRegen 0.37/turn                (no ring)
MPRegen 0.12/turn                (no ring)

@: confused, silenced, ambrosia-drunk, flying, very slow
A: AC +3, large, see invisible, deformed body, poison resistance, slowness 2,
spit poison 1, naga tail 1
a: Spit Poison, Renounce Religion


You were on level 1 of the Lair of Beasts.
You worshipped Qazlal.
Qazlal was most pleased with you.
You visited 3 branches of the dungeon, and saw 14 of its levels.

You collected 693 gold pieces.

Inventory:

Hand Weapons
 a - a +1 war axe
 u - the +7 Throatcutter (weapon) {drain, coup de grace}
   (You found it on level 4 of the Dungeon)
Armour
 c - a +0 buckler (worn)
 i - a +1 plate armour (worn)
 r - a +0 pair of gloves (worn)
 x - a +2 cloak (worn)
 D - a +2 helmet of see invisible (worn)
Jewellery
 s - a ring of ice
 I - a ring of protection from cold
Wands
 A - a wand of flame (38)
 B - a wand of charming (12)
 F - a wand of iceblast (3)
Scrolls
 d - 3 scrolls of fog
 f - 3 scrolls of identify
 g - 4 scrolls of noise
 j - 4 scrolls of enchant armour
 k - a scroll of vulnerability
 l - 2 scrolls of teleportation
 o - 2 scrolls of magic mapping
 p - 2 scrolls of silence
 v - 3 scrolls of brand weapon {unknown}
 w - 2 scrolls of immolation {unknown}
 y - 2 scrolls of blinking {unknown}
 z - 2 scrolls of enchant weapon
 C - a scroll of fear {unknown}
Potions
 b - a potion of brilliance
 e - 2 potions of lignification
 h - 2 potions of curing
 m - a potion of mutation
 q - a potion of berserk rage {unknown}
 t - 3 potions of attraction
 G - a potion of flight
 H - a potion of cancellation {unknown}
 J - a potion of might


   Skills:
 + Level 8.9 Fighting
 * Level 11.0 Long Blades
 - Level 4.5 Axes
 + Level 7.4 Armour
 - Level 2.8 Dodging
 + Level 8.1 Shields


You had 10 spell levels left.
You didn't know any spells.
Your spell library contained the following spells:

 Spells                   Type           Power      Damage    Failure   Level
 Apportation              Tloc           0%         N/A       100%        1
 Beastly Appendage        Tmut           0%         N/A       100%        1
 Necrotise                Necr           0%         1d4       100%        1
 Slow                     Hex            0%         N/A       100%        1
 Summon Small Mammal      Summ           0%         N/A       100%        1
 Confusing Touch          Hex            0%         N/A       100%        3
 Vampiric Draining        Necr           0%         2d6       100%        3
 Iskenderun's Battlesphe  Conj           0%         2d6       100%        5
 Iron Shot                Conj/Erth      0%         9d1       100%        6
 Spellforged Servitor     Conj/Summ      0%         N/A       100%        7


Dungeon Overview and Level Annotations

Branches:
Dungeon (11/15)            Temple (1/1) D:5            Lair (2/5) D:9
    Orc (0/2) D:10
  Swamp: Lair:2-3    Shoals: Lair:2-3     Snake: Lair:2-3    Spider: Lair:2-3

Altars:
Ashenzari
Cheibriados
Dithmenos
Elyvilon
Fedhas
Gozag
Hepliaklqana
Kikubaaqudgha
Makhleb
Nemelex Xobeh
Okawaru
Qazlal
Ru
Sif Muna
Trog
Uskayaw
Vehumet
Wu Jian
Xom
Yredelemnul
Zin
The Shining One

Shops:
D:5 [?**(   D:8 (

Annotations:
D:3 1 runed translucent door, komi's ghost, novice FoFi
D:6 2 transporters, Parcival's ghost, novice HuCj
D:7 2 transporters
Lair:1 exclusion: oklob plant


Innate Abilities, Weirdness & Mutations

Your serpentine skin is tough. (AC +3)
You have supernaturally acute eyesight. (SInv)
Armour fits poorly on your strangely shaped body.
Your system is resistant to poisons. (rPois)
You cover ground very slowly.
You can spit poison.
You have a snake-like lower body.


Message History

The death yak is engulfed in freezing vapours.
The death yak gores you but does no damage.
You block the death yak's attack. The death yak gores you.
You slash the death yak!
The death yak is moderately wounded.
The death yak is engulfed in freezing vapours.
You block the death yak's attack. The death yak gores you! x2
You barely miss the death yak.
The death yak is moderately wounded.
You block the death yak's attack.
The death yak gores you but does no damage.
The death yak gores you.
You hit the death yak. You drain the death yak.
The death yak is lightly wounded.
The death yak is struck by lightning.
The death yak gores you. The death yak gores you!!
The death yak gores you but does no damage.
It was a potion of magic.
Magic courses through your body. The death yak barely misses you.
The death yak gores you!
* * * LOW HITPOINT WARNING * * *
The death yak gores you but does no damage.
You feel better. You block the death yak's attack. The death yak gores you!
* * * LOW HITPOINT WARNING * * *
The death yak is engulfed in freezing vapours.
The death yak gores you!
* * * LOW HITPOINT WARNING * * *
Okay, then.
Magic scrolls do not work when you're silenced!
It was a potion of flight.
You feel very buoyant.
You fly up into the air.
The death yak is struck by lightning.
You block the death yak's attack.
The death yak gores you but does no damage.
The death yak is engulfed in freezing vapours.
The death yak gores you.
* * * LOW HITPOINT WARNING * * *
It was a potion of ambrosia.
You are confused.
You feel invigorated. The death yak gores you!
You die...

##...........# #P...........#
##...........# #...........##
##..........# ##.........#
#..........# ##........Y#
#.....^.@Y## #......☼.Y.#
###.........###
##.............###
###................##
###...................#
#.#...................##
##......................#####
##...........)...........#P.#


You could see 3 death yaks.

Vanquished Creatures
  Gastronok (D:10)
  Erica (D:8)
  2 two-headed ogres
  A death yak (Lair:1)
  Joseph (D:7)
  An unseen horror (D:10)
  3 cane toads (Lair:1)
  A komodo dragon (Lair:1)
  2 trolls
  2 hornets
  Sigmund (D:3)
  A wraith (D:11)
  3 basilisks (Lair:1)
  A vampire (D:9)
  3 steam dragons
  2 acid dragons
  5 water moccasins
  3 ice beasts
  7 orc warriors
  A black bear (D:7)
  5 wolves (Lair:1)
  3 centaurs
  3 kobold brigands
  3 bullfrogs
  4 necrophages (D:8)
  2 gnoll sergeants
  15 wights
  4 scorpions
  A wyvern zombie (D:8)
  8 killer bees
  A howler monkey (D:9)
  2 centaur zombies (D:8)
  6 orc priests
  2 hounds (D:5)
  A jelly (D:5)
  A sleepcap (D:4)
  7 orc wizards
  2 iguanas (D:5)
  Natasha (thrice) (D:3)
  A killer bee zombie (D:8)
  Robin (D:3)
  8 gnolls
  12 adders
  An ufetubus (D:5)
  A worm (D:2)
  23 orcs
  8 ball pythons
  6 bats
  6 endoplasms
  2 giant cockroaches
  12 goblins
  12 hobgoblins
  15 kobolds
  6 quokkas
  3 frilled lizards
  9 rats
  A spectral orc (D:9)
  A bush (D:8)
  A butterfly (D:5)
244 creatures vanquished.

Vanquished Creatures (others)
  A killer bee (D:9)
  An orc (D:8)
  A kobold (D:9)
  A bush (D:8)
  10 fungi
  34 plants
48 creatures vanquished.

Grand Total: 292 creatures vanquished

Notes
Turn   | Place    | Note
-------+----------+-------------------------------------------
     0 | D:1      | Axe the Naga Fighter began the quest for the Orb.
     0 | D:1      | Reached XP level 1. HP: 21/21 MP: 1/1
   103 | D:1      | Reached XP level 2. HP: 28/28 MP: 2/2
   298 | D:1      | Reached XP level 3. HP: 29/34 MP: 3/3
  1001 | D:2      | Found a faded altar of an unknown god.
  1005 | D:2      | Got Plato's Codex of Shapes
  1046 | D:2      | Reached XP level 4. HP: 40/42 MP: 4/4
  1064 | D:2      | Reached skill level 1 in Dodging
  1112 | D:2      | Identified the +0 leather armour of Plasticity {rN+ Str+2
                  | Slay-6}
  1660 | D:3      | Noticed Robin
  1660 | D:3      | Noticed Sigmund
  1688 | D:3      | Found a hide-covered altar of Uskayaw.
  1747 | D:3      | Noticed Natasha
  1757 | D:3      | Killed Natasha
  1758 | D:3      | Reached XP level 5. HP: 36/49 MP: 5/5
  1776 | D:3      | Noticed Natasha
  1785 | D:3      | Killed Natasha
  1869 | D:3      | Noticed Natasha
  1876 | D:3      | Killed Natasha
  2235 | D:3      | Killed Sigmund
  2236 | D:3      | Reached XP level 6. HP: 57/57 MP: 6/6
  2677 | D:3      | Killed Robin
  2799 | D:3      | Found an iron altar of Okawaru.
  2844 | D:3      | Found a runed translucent door.
  2848 | D:3      | Noticed komi's ghost (novice FoFi)
  2952 | D:4      | Reached XP level 7. HP: 29/64 MP: 7/7
  3610 | D:4      | Found the +7 Throatcutter {drain, coup de grace}
  3770 | D:5      | Entered Level 5 of the Dungeon
  3911 | D:5      | You fall into a shaft and drop 1 floor!
  3924 | D:6      | Reached skill level 1 in Long Blades
  3959 | D:6      | Noticed a yak
  3960 | D:6      | Noticed Parcival's ghost (novice HuCj)
  3965 | D:6      | Found a transporter.
  4003 | D:6      | Found a transporter.
  4044 | D:6      | Noticed a hornet
  4053 | D:6      | Killed a hornet
  4054 | D:6      | Reached skill level 2 in Long Blades
  4054 | D:6      | Reached XP level 8. HP: 53/73 MP: 8/8
  4118 | D:5      | Found Hacwuhoj's Magic Scroll Emporium.
  4122 | D:5      | Reached skill level 3 in Long Blades
  4149 | D:5      | Found Buwuapt's General Store.
  4248 | D:5      | Identified the +4 hand axe "Inemeviaz" {drain, rPois Int+3}
  4278 | D:5      | Found a staircase to the Ecumenical Temple.
  4289 | Temple   | Entered the Ecumenical Temple
  4488 | Temple   | Became a worshipper of Qazlal Stormbringer
  4528 | D:5      | Found Xecus's General Store.
  4640 | D:5      | Found Kofijibo's Antique Armour Shop.
  4689 | D:5      | Found Dunobir's Antique Weapon Shop.
  5108 | D:6      | Reached skill level 5 in Fighting
  5135 | D:6      | Reached skill level 4 in Long Blades
  5386 | D:6      | Found a broken altar of Ashenzari.
  5614 | D:7      | Found a transporter.
  5622 | D:7      | Reached skill level 5 in Shields
  5626 | D:7      | Reached skill level 5 in Long Blades
  5626 | D:7      | Reached XP level 9. HP: 74/81 MP: 9/9
  5654 | D:7      | Noticed Joseph
  5673 | D:7      | Killed Joseph
  5675 | D:7      | Reached * piety under Qazlal
  5817 | D:7      | Found an opulent altar of Gozag.
  5825 | D:7      | Noticed a boulder beetle
  5827 | D:7      | Noticed a troll
  5828 | D:7      | Found a bloodstained altar of Trog.
  5835 | D:7      | Found a transporter.
  6014 | D:7      | Reached skill level 6 in Long Blades
  6014 | D:7      | Reached skill level 5 in Armour
  6068 | D:8      | Noticed Erica
  6086 | D:8      | Killed Erica
  6237 | D:7      | Reached skill level 7 in Long Blades
  6400 | D:8      | Reached XP level 10. HP: 87/92 MP: 10/10
  6643 | D:8      | Found a radiant altar of Vehumet.
  6665 | D:8      | Found Iptipt's Weapon Emporium.
  6808 | D:8      | Found a hazy altar of Hepliaklqana.
  6829 | D:8      | Found a shadowy altar of Dithmenos.
  6935 | D:8      | Found a blossoming altar of Fedhas.
  7229 | D:8      | Reached skill level 8 in Long Blades
  7430 | D:8      | Reached ** piety under Qazlal
  7934 | D:9      | Noticed a two-headed ogre
  7943 | D:9      | Killed a two-headed ogre
  8245 | D:9      | Reached skill level 9 in Long Blades
  8331 | D:9      | Found a staircase to the Lair.
  8483 | D:9      | Found a basalt altar of Yredelemnul.
  8550 | D:10     | Entered Level 10 of the Dungeon
  8550 | D:10     | Noticed an unseen horror
  8568 | D:10     | Killed an unseen horror
  8569 | D:10     | Reached XP level 11. HP: 103/103 MP: 11/11
  8608 | D:10     | Reached *** piety under Qazlal
  8926 | D:10     | Noticed a two-headed ogre
  8928 | D:10     | Noticed Gastronok
  8932 | D:10     | Killed a two-headed ogre
  8945 | D:10     | Killed Gastronok
  8946 | D:10     | Reached skill level 10 in Long Blades
  9673 | D:10     | Found a staircase to the Orcish Mines.
 10041 | Lair:1   | Entered Level 1 of the Lair of Beasts
 10248 | Lair:1   | Noticed an oklob plant
 10677 | Lair:2   | Noticed a death yak
 10677 | Lair:2   | Noticed a death yak
 10677 | Lair:2   | Noticed a death yak
 10677 | Lair:2   | Noticed a death yak
 10677 | Lair:2   | Noticed a death yak
 10677 | Lair:2   | Noticed a death yak
 10689 | Lair:1   | Killed a death yak
 10690 | Lair:1   | Reached skill level 11 in Long Blades
 10742 | Lair:1   | HP: 2/104 [death yak (5)]
 10743 | Lair:1   | Mangled by a death yak

Illustrated notes

Levels and vault maps discovered:
D:1:      mrwooster_arrival_statue_3, layout_basic, minmay_tall_x
D:2:      layout_loops_corners, shapermc_ecumenical_altar_rom_forum,
          minmay_pentomino_v4
D:3:      layout_rooms, hellmonk_okawaru_the_only_friend_you_need,
          mainiacjoe_overflow_alcove_1, ebering_ghost_sewer_d, uniq_robin,
          uniq_natasha, uniq_sigmund
D:4:      layout_basic, dilly_guarded_unrand_throatcut
D:5:      layout_basic, minmay_temple_entry_butterflies, serial_corexii_hall,
          corexii_hall_statues_s, chequers_hall_statues_wall_a, serial_shops,
          shop, nicolae_shop_hallway_plus, nicolae_stop_n_shop_1, shop,
          nicolae_shop_statue_plus
D:6:      layout_cave_pools, marbit_many_paths, gammafunk_ghost_arena
D:7:      layout_loops_ring, gammafunk_temple_overflow_arena, uniq_joseph
D:8:      layout_rooms, general_overflow_altar, fedhas_altar_decomposition,
          worldfamousw_hep_ancestral_shrine, fiery_altar_vehumet, serial_shops,
          shop_statue, minivault_11, uniq_erica
D:9:      layout_long_grid, yredelemnul_forgotten_temple_becter,
          grunt_lair_entry_orc_guard_hut
D:10:     layout_long_grid, david_orc_4, uniq_gastronok
D:11:     layout_layer_cave, minmay_increasing_density
Temple:   nicolae_temple_slightly_damp_pantheon
Lair:1:   layout_hall_layers, minivault_19, hibernation_bobbens
Lair:2:   layout_concentric_octagons, grunt_megastairs_1

Skill      XL: |  1  2  3  4  5  6  7  8  9 10 11 |
---------------+----------------------------------+-----
Shields        | 3 4 5 6 7 8 |  8.1
Dodging        | 1 2 |  2.8
Axes           | 3 4 |  4.5
Fighting       | 4 5 6 7 8 |  8.9
Armour         | 3 4 5 6 7 |  7.4
Long Blades    | 2 5 7 9 11 | 11.0

Action                     |  1- 3 |  4- 6 |  7- 9 | 10-12 || total
---------------------------+-------+-------+-------+-------++-------
  Melee: War axe           |    57 |   105 |    34 |       ||   196
         Long sword        |       |       |   142 |   318 ||   460
Ability: Spit Poison       |    17 |    15 |    13 |     6 ||    51
  Evoke: Wand              |       |       |       |     2 ||     2
    Use: Scroll            |       |     8 |     5 |     1 ||    14
         Potion            |       |       |     3 |     4 ||     7
 Armour: Scale mail        |    12 |       |       |       ||    12
         Plate armour      |    26 |    75 |   148 |   259 ||   508
  Dodge: Dodged            |    17 |    22 |    49 |    93 ||   181
  Block: Buckler           |    12 |    22 |    51 |   177 ||   262

Table legend: (Time is in decaauts)
 A = Elapsed time spent in this place.
 B = Non-inter-level travel time spent in this place.
 C = Inter-level travel time spent in this place.
 D = Time resting spent in this place.
 E = Time spent auto-exploring this place.
 F = Levels seen in this place.
 G = Mean time per level.
                   A        B        C        D        E       F      G
               +--------+--------+--------+--------+--------+-----+--------+
         Total |  13526 |  13068 |    458 |   3199 |   7677 |  14 |  966.1 |
       Dungeon |  12358 |  11929 |    429 |   3016 |   6978 |  11 | 1123.5 |
        Temple |    307 |    279 |     28 |      0 |    218 |   1 |  307.0 |
          Lair |    859 |    859 |      0 |    183 |    480 |   2 |  429.5 |
               +--------+--------+--------+--------+--------+-----+--------+

Top non-repeatable levels by time:
    D:10: 1657 daAuts
     D:3: 1548 daAuts
     D:2: 1436 daAuts
     D:9: 1316 daAuts
     D:8: 1244 daAuts
     D:7: 1230 daAuts
     D:5: 1086 daAuts
     D:4: 953 daAuts
     D:6: 905 daAuts
     D:1: 894 daAuts
  Lair:1: 853 daAuts
  Temple: 307 daAuts
    D:11: 85 daAuts
  Lair:2: 6 daAuts
